 Dungeon Crawl Stone Soup version 0.31.0-32-g396128a36d (webtiles) character file.

Game seed: 11392683668807329230

49 TheBloodborn the Trooper (level 3, -6/29 HPs)
             Began as a Demonspawn Fighter on Mar 21, 2024.
             Mangled by Sigmund the hobgoblin
             ... wielding a +1 scythe of venom
              (9 damage)
             ... on level 2 of the Dungeon.
             The game lasted 00:02:03 (1197 turns).

TheBloodborn the Trooper (Demonspawn Fighter)       Turns: 1197, Time: 00:02:05

Health: -6/29      AC:  7    Str: 18    XL:     3   Next: 53%
Magic:  3/3        EV:  9    Int:  8    God:
Gold:   88         SH:  4    Dex: 12    Spells: 2/2 levels left

rFire   . . .        a - +0 war axe
rCold   . . .        c - +0 buckler
rNeg    . . .        b - +0 scale mail
rPois   .            (no helmet)
rElec   .            (no cloak)
rCorr   .            (no gloves)
SInv    .            k - +0 pair of boots
Will    .....        (no amulet) Stlth
                     (no ring)
HPRegen 0.24/turn    (no ring)
MPRegen 0.08/turn

%: no passive effects
@: lethally poisoned (-6 -> -19)
A: demonic touch 2
a: no special abilities


You were on level 2 of the Dungeon.
You visited 1 branch of the dungeon, and saw 2 of its levels.

You collected 88 gold pieces.

Inventory:

Hand Weapons
 a - a +0 war axe (weapon)
Armour
 b - a +0 scale mail (worn)
 c - a +0 buckler (worn)
 k - a +0 pair of boots (worn)
Talismans
 j - a flux talisman
Wands
 n - a wand of polymorph (4)
Scrolls
 e - 2 scrolls of blinking {unknown}
 f - a scroll of amnesia {unknown}
 h - a scroll of teleportation {unknown}
 i - a scroll of poison {unknown}
 l - a scroll of silence {unknown}
Potions
 d - a potion of might
 g - a potion of heal wounds {unknown}
 m - a potion of degeneration {unknown}


   Skills:
 + Level 3.2 Fighting
 * Level 2.6 Axes
 - Level 3.0 Armour
 + Level 0.9 Dodging
 - Level 3.0 Shields


You had 2 spell levels left.
You didn't know any spells.
Your spell library contained the following spells:

 Spells                   Type           Power      Damage    Failure   Level
 Kiss of Death            Conj/Necr      0%         2d5       86%         1
 Confusing Touch          Hex            0%         N/A       99%         3
 Dispel Undead            Necr           0%         3d6       100%        4


Dungeon Overview and Level Annotations

Branches:
Dungeon (2/15)

Altars:

Annotations:
D:2 Sigmund


Innate Abilities, Weirdness & Mutations

Your touch may inflict irresistible damage on your foes.


Message History

Found a scroll labelled BIEVVA TYD.
Sigmund shouts!
Sigmund casts a spell at you. The puff of flame hits you.
You block Sigmund's attack.
Sigmund is nearby!
Found 2 scrolls labelled PUCWENT IMIBO.
Sigmund is nearby!
You closely miss Sigmund. Sigmund barely misses you.
Sigmund is nearby!
You hit Sigmund.
Sigmund is lightly wounded.
Sigmund hits you with a +1 scythe of venom!
You slash Sigmund!
Sigmund is moderately wounded.
Sigmund hits you with a +1 scythe of venom.
You are poisoned.
Aiming: Polymorph
Press: ? - help, Q - select action Shift-Dir - straight line, f - Sigmund
Aim: Sigmund, wielding a +1 scythe of venom and wearing a +0 robe (moderately wounded, will become a hobgoblin, a jelly, or a howler monkey, chance to affect: 57%) Sigmund evaporates and reforms as a hobgoblin!
You feel very sick.
You barely miss Sigmund.
Sigmund is heavily wounded.
You feel very sick.
Sigmund picks up a +1 scythe of venom.
Sigmund wields a +1 scythe of venom.
It begins to drip with poison!
Sigmund picks up a +0 robe.
Sigmund wears a +0 robe.
You closely miss Sigmund.
Sigmund is heavily wounded.
You feel sick. Sigmund closely misses you.
You hit Sigmund.
Sigmund is almost dead.
You feel sick.
Sigmund hits you with a +1 scythe of venom.
* * * LOW HITPOINT WARNING * * *
You are more poisoned.
Sigmund hits you with a +1 scythe of venom!
You die...
Sigmund begins carving another notch in its scythe.

.....####.[###### .....#
##..######
.....####........#
..(..............#
........#........# ..
........#........###...#
####....#####.........?.
#....# ####.###.##
#####...# #@# .†###...#
#g.# #...#...# ##...
###.....# ..... ###...#
.##.#.. #...# .. ....
##..### .. ... ##...###
?.. .. ### ###...##
##...


You could see Sigmund the hobgoblin.

Vanquished Creatures
  An adder (D:2)
  A dart slug (D:1)
  5 ball pythons
  4 endoplasms (D:1)
  2 giant cockroaches
  4 goblins (D:1)
  5 hobgoblins
  2 kobolds
  4 bats
  7 frilled lizards
  2 rats (D:1)
37 creatures vanquished.

Notes
Turn   | Place    | Note
-------+----------+-------------------------------------------
     0 | D:1      | TheBloodborn the Demonspawn Fighter began the quest for the
                  | Orb.
     0 | D:1      | Reached XP level 1. HP: 18/18 MP: 1/1
     9 | D:1      | Noticed a merfolk
    11 | D:1      | Noticed a troll
    13 | D:1      | Noticed an armataur
    17 | D:1      | Noticed an octopode
    17 | D:1      | Noticed a vampire
    17 | D:1      | Noticed a spriggan
    65 | D:1      | Gained mutation: Your touch may inflict minor irresistible
                  | damage on your foes. [demonic ancestry]
    65 | D:1      | Reached XP level 2. HP: 24/24 MP: 2/2
   134 | D:1      | Found a faded altar of an unknown god.
   496 | D:1      | Gained mutation: Your touch may inflict irresistible damage
                  | on your foes. [demonic ancestry]
   496 | D:1      | Reached XP level 3. HP: 29/29 MP: 3/3
  1188 | D:2      | Noticed Sigmund
  1194 | D:2      | Sigmund changed into Sigmund the hobgoblin
  1194 | D:2      | Noticed Sigmund
  1197 | D:2      | Mangled by Sigmund the hobgoblin

Illustrated notes

Levels and vault maps discovered:
D:1:      shiori_arrival_whats_in_store_for_you, layout_loops_ring,
          dreamdust_ecumenical_altar_angels_and_demons, kennysheep_pointless_box
D:2:      layout_rooms, basic_altar, minmay_tetromino_i2, uniq_sigmund

Skill      XL: |  1  2  3 |
---------------+----------+-----
Axes           | 2 |  2.6
Armour         | 3 |  3.0
Shields        | 3 |  3.0
Fighting       | |  3.2
Dodging        | |  0.9

Action                     || total
---------------------------++-------
  Melee: War axe           ||    90
  Evoke: Wand              ||     1
 Armour: Scale mail        ||    61
  Dodge: Dodged            ||    38
  Block: Buckler           ||    20
